Map: Neon Violet Square LE

Players

Trickstar

  • Race: Zerg Zerg
  • Spawn Location: 5:00

DeMusliM - Winner!

  • Race: Terran Terran
  • Spawn Location: 11:00

Event: WCS Leipzig 2018

VOD

Have the link to the VOD?

Description

Time

  • Played on: Jan. 26, 2018, 7:48 a.m.
  • Length: 4:39

All games in this series

Show
View Real Time Build Order
Export as new Build Order

Trickstar Zerg 

Build Orders: Hatch First 

Get SALT Encoding   

  12  0:00  Drone  
  13  0:13  Overlord  
  13  0:17  Drone  
  14  0:31  Drone x2  
  14  0:34  Drone  
  17  0:52  Hatchery  
  17  0:55  Drone  
  17  0:58  Drone  
  18  1:10  Extractor  
  17  1:13  Spawning Pool  
  17  1:17  Drone  
  17  1:20  Drone  
  18  1:28  Drone  
  19  1:39  Overlord  
  19  2:00  Queen  
  19  2:01  Zergling x4  
  23  2:04  Zergling x2  
  24  2:10  Extractor  
  24  2:12  Roach Warren  
  24  2:15  Metabolic Boost  
  22  2:18  Overlord  
  22  2:24  Drone x2  
  22  2:28  Drone  
  25  2:39  Overlord  
  25  2:52  Roach x2  
  25  2:56  Roach  
  31  3:02  Roach  
  33  3:11  Overlord  
  33  3:13  Ravager x2  
  33  3:17  Drone  
  36  3:20  Drone  
  36  3:24  Ravager  
  38  3:37  Overlord  
  38  3:49  Overlord  
  38  3:57  Ravager  
  38  4:02  Hatchery  
  33  4:10  Zergling x2  
  33  4:11  Zergling x2  
Show
View Real Time Build Order
Export as new Build Order

DeMusliM Terran - Winner!

Build Orders:  

Get SALT Encoding   

  12  0:00  SCV  
  13  0:13  SCV  
  14  0:19  Supply Depot  
  14  0:25  SCV  
  15  0:43  Barracks  
  15  0:49  SCV  
  16  0:59  Barracks  
  16  1:02  SCV  
  17  1:14  SCV  
  17  1:16  Refinery  
  18  1:29  Orbital Command, Marine  
  19  1:39  Bunker  
  19  1:46  Marine  
  20  1:47  Marine  
  20  1:49  Supply Depot  
  21  1:57  Bunker  
  21  2:04  Marine  
  21  2:05  Marine  
  23  2:11  SCV  
  24  2:23  SCV  
  24  2:24  Marine x2  
  24  2:27  Factory  
  27  2:39  SCV  
  27  2:41  Supply Depot  
  28  2:47  Bunker  
  28  2:51  SCV  
  28  2:52  Marine x2  
  31  3:04  SCV  
  32  3:10  Marine x2  
  32  3:12  Starport  
  34  3:16  Refinery  
  34  3:24  SCV  
  35  3:27  Marine  
  35  3:28  Marine  
  35  3:29  Supply Depot  
  36  3:36  SCV  
  36  3:38  Factory Tech Lab  
  37  3:48  Marine x2  
  38  3:52  Supply Depot  
  36  4:12  Marine x2  
  34  4:24  SCV  
Tags
 
Add a new tag
Caveats
  • Supply blocks, unpowered buildings, or Contaminate may cause inaccurate times.
  • Supply counts are checked every 10 seconds.